 Dungeon Crawl Stone Soup version 0.30-a0-234-g97d66968fd (webtiles) character file.

Game seed: 9629646379739304901

240 qw the Chopper (level 6, -1/38 HPs)
             Began as a Gargoyle Fighter on Oct 9, 2022.
             Slain by Dowan
             ... wielding a +0 dagger
              (3 damage)
             ... on level 4 of the Dungeon.
             The game lasted 00:01:15 (2960 turns).

qw the Chopper (Gargoyle Fighter)                   Turns: 2960, Time: 00:01:16

Health: -1/38      AC: 15    Str: 19    XL:     6   Next: 8%
Magic:  6/6        EV: 10    Int:  8    God:
Gold:   172        SH:  4    Dex:  9    Spells: 5/5 levels left

rFire   . . .      SeeInvis .    Y - +1 war axe
rCold   + . .      Faith    .    c - +0 buckler
rNeg    + . .      Spirit   .    o - +4 ring mail of Ineat {+Inv Will+++ Str-3}
rPois   inf        Reflect  .    g - +0 helmet
rElec   +          Harm     .    (no cloak)
rCorr   .          Rampage  .    (no gloves)
Will    +++..                    (no boots)
Stlth   ..........               (no amulet)
HPRegen 0.26/turn                m - ring of protection from cold
MPRegen 0.10/turn                (no ring)

@: no status effects
A: sickness immunity, AC +4, negative energy resistance 1, electricity
resistance, torment resistance 1, petrification resistance
a: Evoke Invisibility


You were on level 4 of the Dungeon.
You visited 1 branch of the dungeon, and saw 4 of its levels.

You collected 172 gold pieces.


Innate Abilities, Weirdness & Mutations

You are immune to sickness and miasma.
Your stone body is resilient. (AC +4)
You are immune to poison.
You resist negative energy. (rN+)
You are resistant to electric shocks. (rElec)
You are resistant to unholy torment.
You are immune to petrification.


   Skills:
 + Level 3.9 Fighting
 - Level 5.0 Axes
 - Level 3.2 Armour
 - Level 1.3 Dodging
 - Level 3.2 Shields


You had 5 spell levels left.
You didn't know any spells.
Your spell library was empty.

Inventory:

Hand Weapons
 r - a +0 flail
 Y - a +1 war axe (weapon)
Missiles
 p - 3 boomerangs (quivered)
Armour
 c - a +0 buckler (worn)
 g - a +0 helmet (worn)
 l - a +0 chain mail
 o - the +4 ring mail of Ineat (worn) {+Inv Will+++ Str-3}
   (You found it on level 3 of the Dungeon)

   Str:       It affects your strength (-3).
   +Inv:      It lets you turn invisible.
   Will:      It greatly increases your willpower.
Jewellery
 m - a ring of protection from cold (left hand)
Scrolls
 a - a scroll of vulnerability {unknown}
 b - a scroll of poison {unknown}
 j - 3 scrolls of identify
 k - a scroll of silence {unknown}
Potions
 d - 2 potions of might
 e - a potion of ambrosia {unknown}
 f - 2 potions of lignification {unknown}
 h - a potion of heal wounds {unknown}
 i - a potion of degeneration {unknown}
 n - a potion of berserk rage {unknown}
 q - a potion of brilliance {unknown}

Dungeon Overview and Level Annotations

Branches:
Dungeon (4/15)
 Temple: D:4-7

Altars:

Annotations:
D:3 1 runed translucent door, Crazy Yiuf, Natasha
D:4 Dowan, Duvessa, Grinder


Message History

Dowan hits you but does no damage.
Grinder blinks!
Duvessa says, "Practise, practise, practise!
One day you'll be as good as me." You block Duvessa's attack.
You closely miss Duvessa.
Duvessa is moderately wounded.
You hit Dowan.
Dowan mumbles some strange words.
Dowan blinks!
Duvessa hits you but does no damage. Dowan hits you with a +0 dagger.
You block Grinder's attack.
You barely miss Grinder.
Grinder is heavily wounded.
You closely miss Dowan. You hit Duvessa but do no damage.
Duvessa hits you but does no damage. x2; Dowan completely misses you.
Grinder hits you but does no damage.
You barely miss Grinder.
Grinder is heavily wounded.
You hit Dowan. You hit Duvessa. You block Duvessa's attack.
Grinder hits you but does no damage. Duvessa hits you with a +0 short sword.
Dowan hits you but does no damage.
You barely miss Dowan.
Dowan is severely wounded.
You barely miss Duvessa. You hit Grinder but do no damage.
Duvessa hits you with a +0 short sword. Grinder hits you but does no damage.
Dowan zaps a wand.
The puff of flame hits you but does no damage.
You block Duvessa's attack.
You hit Dowan but do no damage.
Dowan is severely wounded.
You barely miss Duvessa. You hit Grinder but do no damage.
Duvessa hits you but does no damage. Grinder hits you but does no damage.
Dowan zaps a wand.
The puff of flame hits you. Duvessa hits you but does no damage.
Dowan closely misses you. Grinder hits you but does no damage.
You hit Dowan.
Dowan is severely wounded.
You barely miss Duvessa. You closely miss Grinder.
Duvessa gestures with her weapon.
Duvessa barely misses you. Grinder hits you.
You writhe in agony.
Dowan hits you with a +0 dagger.
You die...

##########......#
..##........#...(..#
..#........#......##
#.#........#......#.
#.#........#..[...'.
#..........#......##
#..........######.#
#.ee5.....#####...##
#..@...##...........
...........####.>.######
......$....# ##..#
...........# #..#
.......##### #..#
....... ...) .......
...... ####... ...##..


You could see Grinder, Duvessa (fast) and Dowan.

Vanquished Creatures
  An iguana (D:4)
  Natasha (D:3)
  Ijyb (D:2)
  Robin (D:3)
  6 adders
  3 dart slugs
  3 orcs (D:4)
  3 bats
  8 endoplasms
  6 giant cockroaches
  18 goblins
  5 hobgoblins
  4 jackals (D:4)
  10 kobolds
  5 quokkas
  6 ball pythons
  6 frilled lizards
  7 rats
94 creatures vanquished.

Notes
Turn   | Place    | Note
-------+----------+-------------------------------------------
     0 | D:1      | qw the Gargoyle Fighter began the quest for the Orb.
     0 | D:1      | Reached XP level 1. HP: 14/14 MP: 1/1
     0 | D:1      | 0 ||| qw: Version: 0.2-a-17-g06abaee
     0 | D:1      | 0 ||| qw: Game counter: 2322
     0 | D:1      | 0 ||| qw: Always use a shield: true
     0 | D:1      | 0 ||| qw: God list: Okawaru
     0 | D:1      | 0 ||| qw: Allow faded altars: false
     0 | D:1      | 0 ||| qw: Do Orc after D:15 true
     0 | D:1      | 0 ||| qw: Do second Lair branch before Depths: true
     0 | D:1      | 0 ||| qw: Lair rune preference: random
     0 | D:1      | 0 ||| qw: Plans: Normal, Zot:1-4, God:TSO, Crypt, Tomb,
                  | Pan, Slime:5, Hells, Abyss, Orb
     0 | D:1      | 0 ||| PLANNING D:1-11
    44 | D:1      | Reached skill level 2 in Axes
    67 | D:1      | 67 ||| Stepping ~*~*~tactically~*~*~ (stealth).
   115 | D:1      | 115 ||| Stepping ~*~*~tactically~*~*~ (stealth).
   118 | D:1      | 118 ||| Stepping ~*~*~tactically~*~*~ (stealth).
   121 | D:1      | 121 ||| Stepping ~*~*~tactically~*~*~ (stealth).
   126 | D:1      | Reached XP level 2. HP: 19/19 MP: 2/2
   127 | D:1      | 127 ||| Stepping ~*~*~tactically~*~*~ (stealth).
   305 | D:1      | Reached skill level 3 in Axes
   363 | D:1      | Reached XP level 3. HP: 23/23 MP: 3/3
   512 | D:1      | 512 ||| READING scroll labelled NUIGRE HAEME.
   513 | D:1      | 513 ||| READING scroll labelled RAP NARCHAQEI.
   541 | D:2      | 541 ||| Stepping ~*~*~tactically~*~*~ (stealth).
   551 | D:2      | 551 ||| Stepping ~*~*~tactically~*~*~ (stealth).
   552 | D:2      | 552 ||| Stepping ~*~*~tactically~*~*~ (stealth).
   557 | D:2      | 557 ||| STAIRDANCE
   563 | D:1      | 563 ||| DROPPING +0 club.
   567 | D:2      | 567 ||| STAIRDANCE
   580 | D:2      | 580 ||| Stepping ~*~*~tactically~*~*~ (stealth).
   582 | D:2      | 582 ||| Stepping ~*~*~tactically~*~*~ (stealth).
   696 | D:2      | 696 ||| Stepping ~*~*~tactically~*~*~ (stealth).
   712 | D:2      | Reached XP level 4. HP: 28/28 MP: 4/4
   760 | D:2      | 760 ||| Stepping ~*~*~tactically~*~*~ (stealth).
   767 | D:2      | Reached skill level 4 in Axes
   790 | D:2      | 790 ||| Stepping ~*~*~tactically~*~*~ (hiding).
   793 | D:2      | 793 ||| Stepping ~*~*~tactically~*~*~ (hiding).
   813 | D:2      | Noticed Ijyb
   825 | D:2      | Killed Ijyb
   923 | D:2      | Reached XP level 5. HP: 32/32 MP: 5/5
   948 | D:2      | 948 ||| Stepping ~*~*~tactically~*~*~ (hiding).
   949 | D:2      | 949 ||| Stepping ~*~*~tactically~*~*~ (hiding).
  1146 | D:2      | 1146 ||| Stepping ~*~*~tactically~*~*~ (hiding).
  1414 | D:2      | 1414 ||| UPGRADING to +0 helmet.
  1419 | D:2      | 1419 ||| UPGRADING to +0 chain mail.
  1429 | D:2      | 1429 ||| DROPPING +0 scale mail.
  1430 | D:2      | 1430 ||| UPGRADING to ring of protection from cold.
  1431 | D:2      | 1431 ||| READING scroll labelled ESIPHO OLEJY.
  1454 | D:2      | 1454 ||| READING scroll labelled DUYMAL IMNIOR.
  1455 | D:2      | 1455 ||| READING scroll labelled ZERRYV PUW.
  1499 | D:3      | Noticed Robin
  1513 | D:3      | Killed Robin
  1693 | D:3      | Identified the +4 ring mail of Ineat {+Inv Will+++ Str-3}
  1732 | D:3      | Reached skill level 5 in Axes
  2043 | D:3      | Found a runed translucent door.
  2044 | D:3      | Noticed Crazy Yiuf
  2152 | D:3      | Noticed Natasha
  2161 | D:3      | Killed Natasha
  2162 | D:3      | 2162 ||| FLEEEEING.
  2163 | D:3      | 2163 ||| FLEEEEING.
  2164 | D:3      | 2164 ||| FLEEEEING.
  2186 | D:3      | 2186 ||| DROPPING +0 whip.
  2279 | D:3      | Noticed Natasha
  2280 | D:3      | 2280 ||| Stepping ~*~*~tactically~*~*~ (stealth).
  2328 | D:3      | 2328 ||| UPGRADING to +4 ring mail of Ineat {+Inv Will+++
                  | Str-3}.
  2338 | D:3      | 2338 ||| DRINKING 2 clear potions.
  2339 | D:3      | 2339 ||| READING 2 scrolls of identify.
  2339 | D:3      | 2339 ||| IDENTIFYING grey potion
  2340 | D:3      | 2340 ||| DROPPING potion of magic.
  2341 | D:3      | 2341 ||| DROPPING potion of flight.
  2410 | D:4      | Noticed Duvessa
  2410 | D:4      | Noticed Dowan
  2410 | D:4      | Noticed Grinder
  2411 | D:4      | 2411 ||| Stepping ~*~*~tactically~*~*~ (hiding).
  2426 | D:4      | HP: 4/33 [iguana (8)]
  2427 | D:4      | 2427 ||| READING scroll of teleportation.
  2561 | D:4      | 2561 ||| Stepping ~*~*~tactically~*~*~ (stealth).
  2562 | D:4      | 2562 ||| Stepping ~*~*~tactically~*~*~ (stealth).
  2860 | D:4      | Reached skill level 1 in Dodging
  2860 | D:4      | Reached XP level 6. HP: 38/38 MP: 6/6
  2934 | D:4      | 2934 ||| Stepping ~*~*~tactically~*~*~ (stealth).
  2958 | D:4      | HP: 8/38 [Duvessa/+0 short sword (2)]
  2960 | D:4      | HP: 2/38 [Grinder (3)]
  2960 | D:4      | Slain by Dowan

Levels and vault maps discovered:
D:1:      amcnicky_arrival_choice, layout_rooms
D:2:      kennysheep_the_goblin_king, layout_rooms
D:3:      layout_basic, uniq_robin, uniq_ijyb, uniq_natasha,
          uniq_crazy_yiuf_cottage
D:4:      layout_basic, uniq_duvessa, uniq_grinder

Skill      XL: |  1  2  3  4  5 |
---------------+----------------+-----
Axes           | 2 3 4 5 |  5.0
Dodging        | 1 |  1.3
Fighting       | |  3.9
Armour         | |  3.2
Shields        | |  3.2

Action                   |  1- 3 |  4- 6 || total
-------------------------+-------+-------++-------
Melee: War axe           |   109 |   131 ||   240
Throw: Boomerang         |       |    37 ||    37
  Use: Scroll            |     2 |     5 ||     7
       Potion            |       |     1 ||     1
Armor: Scale mail        |    57 |    35 ||    92
       Chain mail        |       |    18 ||    18
       Ring mail         |       |    49 ||    49
Dodge: Dodged            |    44 |    57 ||   101
Block: Buckler           |    24 |    35 ||    59

Table legend:
 A = Non-vault XP
 B = Vault XP
 C = Vault XP percentage of total XP
 D = Non-vault monster count
 E = Vault monster count
 F = Vault count percentage of total count
                 A         B        C        D         E       F
            +---------+---------+-------+---------+---------+-------
      Total |     232 |     112 |  32.6 |      75 |      19 |  20.2
            +---------+---------+-------+---------+---------+-------
        D:1 |      41 |       0 |   0.0 |      26 |       0 |   0.0
        D:2 |      99 |      43 |  30.3 |      25 |       7 |  21.9
        D:3 |      12 |      69 |  85.2 |       8 |      12 |  60.0
        D:4 |      80 |       0 |   0.0 |      16 |       0 |   0.0
            +---------+---------+-------+---------+---------+-------
